 Dungeon Crawl Stone Soup version 0.28.0-45-g0d030f2227 (webtiles) character file.

Game seed: 17158538802095591604

32 GigaChad the Insei (level 3, -4/27 HPs)
             Began as a Djinni Transmuter on Apr 13, 2022.
             Was a Follower of Wu Jian.
             Slain by a worm (6 damage)
             ... on level 2 of the Dungeon.
             The game lasted 00:02:50 (1032 turns).

GigaChad the Insei (Djinni Transmuter)              Turns: 1032, Time: 00:02:50

Health: -4/27      AC:  5    Str:  9    XL:     3   Next: 42%
Gold:   28         EV: 10    Int: 14    God:    Wu Jian [*.....] SH:  0 Dex: 15

rFire   + + .      SeeInvis .     - Unarmed
rCold   x . .      Faith    .   (no shield)
rNeg    . . .      Spirit   .   g - +0 ring mail
rPois   ∞          Reflect  .   (no helmet)
rElec   .          Harm     .   (no cloak)
rCorr   .          Rampage  .   (no gloves)
Will    .....                   (boots unavailable)
Stlth   +.........              (no amulet)
HPRegen 0.09/turn               (no ring)
MPRegen 0.00/turn               (no ring)

@: flying
A: sickness immunity, fire resistance 2, cold vulnerability 1, float, innate
caster, HP casting, extra vitality 1
a: Renounce Religion


You were on level 2 of the Dungeon.
You worshipped Wu Jian.
Wu Jian was aware of your devotion.
You visited 1 branch of the dungeon, and saw 2 of its levels.

You collected 28 gold pieces.

Inventory:

Hand Weapons
 e - a +1 dagger of protection
 f - a +0 mace
Armour
 a - a +0 robe
 g - a +0 ring mail (worn)
Scrolls
 b - 3 scrolls of identify {unknown}
 c - a scroll of enchant weapon
 d - 2 scrolls of enchant armour {unknown}
Potions
 h - a potion of curing {unknown}
 i - a potion of flight {unknown}


   Skills:
 + Level 1.1 Fighting
 + Level 2.5 Dodging
 + Level 3.9 Unarmed Combat
 + Level 1.7 Spellcasting


You couldn't memorise any spells.
You knew the following spells:

 Your Spells              Type           Power      Damage    Failure   Level
a - Beastly Appendage     Tmut           12%        N/A       32%         1
b - Wereblood             Tmut           6%         N/A       45%         2
c - Spider Form           Tmut/Pois      6%         N/A       69%         3
d - Ice Form              Ice/Tmut       6%         N/A       97%         4
e - Sting                 Tmut/Pois      24%        1d4       32%         1
Your spell library was empty.

Dungeon Overview and Level Annotations

Branches:
Dungeon (2/15)

Altars:
Wu Jian


Innate Abilities, Weirdness & Mutations

You are immune to sickness and miasma.
You are immune to poison.
Your flesh is very heat resistant. (rF++)
You are vulnerable to cold. (rC-)
You float through the air rather than walking.
You learn spells naturally, not from books.
Your magical power is your life essence.
You have superior vitality. (+4 MHP)


Message History

The adder barely misses you. The worm barely misses you.
You hit the adder.
The adder is severely wounded.
The adder bites you. The adder bites you but does no damage.
You barely miss the adder.
The adder is severely wounded.
The adder bites you but does no damage. The worm barely misses you.
You miss the adder.
The adder is severely wounded.
The adder bites you.
You hit the adder.
The adder is almost dead.
The adder completely misses you. The worm barely misses you.
You miss the adder.
The adder is almost dead.
The adder barely misses you.
You hit the adder.
You kill the adder!
The Council accepts your kill. The worm closely misses you.
You spin and attack the worm.
You barely miss the worm. The worm closely misses you.
You see here an adder corpse.
You hit the worm.
The worm is moderately wounded.
You barely miss the worm.
The worm is moderately wounded.
The worm bites you.
You hit the worm but do no damage.
The worm is lightly wounded.
You hit the worm but do no damage.
The worm is lightly wounded.
The worm bites you!
* * * LOW HITPOINT WARNING * * *
You hit the worm.
The worm is lightly wounded.
You hit the worm.
The worm is moderately wounded.
The worm bites you.
You die...

#.......#
#.......##
#.........
#.........
##.........
#..........
#..........
#..@w......
#...##.....
#...# ...
#...# .
#...###
#.....#
###...#
#...# .
#...# ..


You could see a worm.

Vanquished Creatures
  An adder (D:2)
  2 endoplasms (D:2)
  A giant cockroach (D:1)
  4 goblins (D:1)
  2 hobgoblins (D:1)
  3 quokkas (D:1)
  2 ball pythons (D:1)
  2 bats (D:1)
  A kobold (D:1)
  2 rats (D:1)
20 creatures vanquished.

Notes
Turn   | Place    | Note
-------+----------+-------------------------------------------
     0 | D:1      | GigaChad the Djinni Transmuter began the quest for the Orb.
     0 | D:1      | Reached XP level 1. HP: 17/17 MP: 0/0
   156 | D:1      | Reached XP level 2. HP: 12/22 MP: 0/0
   543 | D:1      | Found a faded altar of an unknown god.
   556 | D:1      | Prayed at the altar of an unknown god.
   556 | D:1      | Became a worshipper of the Wu Jian Council
   556 | D:1      | Reached * piety under Wu Jian
   748 | D:1      | Reached XP level 3. HP: 27/27 MP: 0/0
   748 | D:1      | Learned a level 1 spell: Sting
  1032 | D:2      | Slain by a worm

Illustrated notes

Levels and vault maps discovered:
D:1:      elethiomel_arrival_infinity_welcomes_careful_drivers, layout_rooms,
          nicolae_ecumenical_lake_church
D:2:      layout_basic, serial_undead, serial_undead_e, serial_undead_c,
          serial_undead_b, serial_undead_e, uniq_sigmund, uniq_terence,
          uniq_natasha

Action                   || total
-------------------------++-------
Melee: Unarmed           ||    94
       Punch             ||     2
Invok: Whirlwind         ||    17
       Lunge             ||     2
  Use: Scroll            ||     2
Armor: Robe              ||     9
       Ring mail         ||     5
Dodge: Dodged            ||    62
